 Dungeon Crawl Stone Soup version 0.19.1-1-g22dce08 (webtiles) character file.

38 galech the Skirmisher (level 3, -1/40 HPs)
             Began as an Ogre Fighter on Jan 19, 2017.
             Slain by a centaur (8 damage)
             ... on level 3 of the Dungeon.
             The game lasted 00:02:51 (1582 turns).

galech the Skirmisher (Ogre Fighter)                Turns: 1582, Time: 00:02:52

Health: -1/40      AC:  4    Str: 22    XL:     3   Next: 43%
Magic:  0/3        EV:  8    Int:  7    God:
Gold:   185        SH:  8    Dex:  9    Spells: 0 memorised, 2 levels left

rFire  . . .     SeeInvis .     a - +0 flail
rCold  . . .     Gourm    .     b - +0 robe
rNeg   . . .     Faith    .     c - +0 shield
rPois  .         Spirit   +     (helmet restricted)
rElec  .         Reflect  .     h - +0 cloak
rCorr  .         Harm     .     (gloves unavailable)
MR     .....                    (boots unavailable)
Stlth  +.........               q - amulet of guardian spirit
                                (no ring)
                                (no ring)

@: no status effects
A: unfitting armour, tough skin 1
a: no special abilities


You were on level 3 of the Dungeon.
You were not hungry.

You visited 1 branch of the dungeon, and saw 3 of its levels.

You collected 185 gold pieces.

Inventory:

Hand Weapons
 a - a +0 flail (weapon)
Armour
 b - a +0 robe (worn)
 c - a +0 shield (worn)
 h - a +0 cloak (worn)
Jewellery
 q - an amulet of guardian spirit (around neck)
Scrolls
 e - 3 scrolls of remove curse {unknown}
 g - 5 scrolls of identify {unknown}
 j - 2 scrolls of enchant weapon {unknown}
 m - a scroll of blinking {unknown}
 n - a scroll of teleportation {unknown}
 t - a scroll of random uselessness {unknown}
 u - a scroll of immolation {unknown}
Potions
 d - a potion of might
 i - 2 potions of curing {unknown}
 k - a potion of haste {unknown}
 o - a potion of agility {unknown}
 r - a potion of cure mutation {unknown}
 v - a potion of flight {unknown}
Comestibles
 f - 3 bread rations
 l - a beef jerky
 p - 3 chunks of flesh
 s - 2 meat rations


   Skills:
 + Level 4.7 Fighting
 + Level 3.6 Maces & Flails
 + Level 3.1 Dodging
 - Level 2.6 Shields


You had 2 spell levels left.
You didn't know any spells.

Dungeon Overview and Level Annotations

Branches:
Dungeon (3/15)

Altars:
Dithmenos
Fedhas
Sif Muna
Yredelemnul
Zin


Innate Abilities, Weirdness & Mutations

You are too large for most types of armour.
You have tough skin. (AC +1)


Message History

You are too injured to fight recklessly!
You are too injured to fight recklessly!
You are too injured to fight recklessly!
You are too injured to fight recklessly!
You are too injured to fight recklessly!
You are too injured to fight recklessly!
You are too injured to fight recklessly!
You are too injured to fight recklessly!
You are too injured to fight recklessly!
You are too injured to fight recklessly!
You are too injured to fight recklessly!
You are too injured to fight recklessly!
You are too injured to fight recklessly!
You sock the centaur!
The centaur is heavily wounded.
The centaur barely misses you. x2
You barely miss the centaur.
The centaur is heavily wounded.
The centaur closely misses you. The centaur hits you!
You die...

.....##.##....##.....##.......#.#
#.##.##.......####.####..........
#.##....................#.###....
#.............#....(..#.#.# ...
..##..#####...........#.#.. .#
.................(....(...
..............#.(.#.###.##
............>.....#.###.#
.####.####.##.##@...!.... ....#.#
#.##.##c.#.###... ....+.$
........<#.#
....#.####........... ....#.#
####.##.##. # ....#. ...... .#
##### ## ##.# # . ... #


You could see a centaur.

Vanquished Creatures
  An ooze (D:2)
  2 dart slugs (D:1)
  4 goblins
  5 hobgoblins
  5 kobolds
  3 quokkas
  3 bats
  4 rats
27 creatures vanquished.

Notes
Turn   | Place    | Note
-------+----------+-------------------------------------------
     0 | D:1      | galech the Ogre Fighter began the quest for the Orb.
     0 | D:1      | Reached XP level 1. HP: 24/24 MP: 1/1
   442 | D:1      | Reached XP level 2. HP: 19/32 MP: 2/2
   943 | D:2      | Found a blossoming altar of Fedhas.
  1050 | D:2      | Reached XP level 3. HP: 40/40 MP: 3/3
  1200 | D:2      | Found a basalt altar of Yredelemnul.
  1202 | D:2      | Found a shadowy altar of Dithmenos.
  1455 | D:3      | Found a glowing silver altar of Zin.
  1547 | D:3      | Found a deep blue altar of Sif Muna.
  1573 | D:3      | Noticed a centaur
  1582 | D:3      | Slain by a centaur

Skill      XL: |  1  2 |
---------------+-------+-----
Maces & Flails | 3 |  3.6
Dodging        | 3 |  3.1
Fighting       | |  4.7
Shields        | |  2.6

Action                   || total
-------------------------++-------
Melee: Flail             ||    71
  Eat: Chunk             ||     2
Armor: Robe              ||    27
Dodge: Dodged            ||    26
Block: Shield            ||    33
